AoeStats
← kV0t3

African Clearing

505490549Analyzed
3v3 RM · 22d ago on Sep 9, 2026· 87m 19s· 6 players
Game mode
Random Map
Map size
Normal (6 player)
Population
200
Speed
Normal
Resources
Standard
Victory
Conquest
Starting age
Dark Age
Ending age
Imperial Age
RankedLock teamsTeams togetherTeam positionsShared explorationLock speedFull tech treeHidden civsTurbo modeCheats
Victory
Defeat
🇷🇪 Britons · Réunion
1560
+9
🇫🇷 Japanese · France
1537
+10
🇫🇷 Vikings · France
1278
+19
🇦🇷 Inca · Argentina
1416
-14
🇦🇷 Portuguese · Argentina
1379
-12
🇦🇷 Sicilians · Argentina
1357
-12
maikoLin
12:16 Feudal Age
16:37 Castle Age
16:02 Champi Runner
16:48 Scale Mail Armor
17:45 Chain Mail Armor
17:00 Champi Warrior
17:31 Horse Collar
17:47 Double-Bit Axe
23:00 Loom
23:42 Forging
25:30 Arson
27:02 Iron Casting
27:34 Squires
33:54 Bow Saw
37:51 Imperial Age
35:39 Fletching
37:21 Wheelbarrow
36:59 Bodkin Arrow
36:59 Town Watch
38:36 Ballistics
38:07 Elite Champi Warrior
39:52 Plate Mail Armor
43:44 Blast Furnace
44:31 Heavy Plow
47:28 Chemistry
47:47 Stone Mining
47:49 Gold Mining
49:22 Bracer
49:17 Pikeman
51:13 Conscription
53:11 Halberdier
54:33 Gold Shaft Mining
56:11 Stone Shaft Mining
56:07 Crop Rotation
57:44 Fabric Shields
60:10 Hoardings
61:46 Masonry
64:16 Hand Cart
68:11 Padded Archer Armor
AlleN ★
6:49 Loom
13:45 Feudal Age
17:22 Castle Age
15:14 Double-Bit Axe
19:31 Bow Saw
25:19 Pikeman
30:50 Scale Mail Armor
34:46 Elite Skirmisher
37:29 Gold Mining
38:19 Ballistics
40:52 Wheelbarrow
42:12 Hand Cart
43:02 Thumb Ring
42:53 Fletching
47:28 Imperial Age
44:35 Light Cavalry
46:20 Masonry
46:59 Padded Archer Armor
47:40 Bodkin Arrow
48:23 Bracer
49:41 Chemistry
49:14 Leather Archer Armor
50:44 Arquebus
51:34 Ring Archer Armor
51:52 Halberdier
53:37 Chain Mail Armor
53:32 Forging
53:46 Elite Organ Gun
56:13 Bloodlines
58:28 Husbandry
59:21 Capped Ram
60:52 Plate Mail Armor
60:58 Iron Casting
62:02 Two-Man Saw
60:35 Capped Ram
63:10 Architecture
66:40 Arson
71:03 Blast Furnace
70:17 Gambesons
71:21 Conscription
71:02 Circumnavigation
78:34 Town Watch
kV0t3
3:43 Loom
9:06 Loom
11:32 Feudal Age
12:29 Horse Collar
14:37 Forging
20:44 Castle Age
19:00 Scale Barding Armor
19:17 Double-Bit Axe
21:12 Scale Mail Armor
26:46 Bow Saw
26:53 Fletching
28:45 Bodkin Arrow
33:16 Wheelbarrow
39:06 First Crusade
39:37 Chain Mail Armor
39:20 Gambesons
40:30 Iron Casting
40:19 Squires
39:43 Pikeman
45:41 Imperial Age
43:28 Hand Cart
45:50 Ballistics
45:34 Elite Skirmisher
46:15 Padded Archer Armor
46:24 Bracer
47:07 Leather Archer Armor
47:54 Chemistry
47:05 Masonry
56:13 Heavy Plow
57:39 Town Watch
61:50 Plate Mail Armor
62:21 Blast Furnace
62:16 Conscription
62:37 Crossbowman
63:47 Siege Engineers
63:28 Arbalester
65:39 Halberdier
67:22 Stone Mining
67:23 Gold Mining
68:04 Crop Rotation
68:16 Chain Barding Armor
68:10 Bloodlines
68:00 Husbandry
67:22 Light Cavalry
68:18 Man-at-Arms
68:43 Arson
69:34 Plate Barding Armor
69:07 Long Swordsman
70:42 Town Patrol
71:19 Gold Shaft Mining
71:19 Stone Shaft Mining
73:05 Capped Ram
73:41 Elite Serjeant
75:29 Cavalier
77:23 Hauberk
La Baguette
9:12 Loom
11:42 Feudal Age
12:38 Double-Bit Axe
14:27 Fletching
19:07 Horse Collar
24:33 Castle Age
22:31 Gold Mining
24:58 Padded Archer Armor
24:35 Crossbowman
25:11 Bodkin Arrow
25:50 Bow Saw
27:04 Heavy Plow
28:46 Wheelbarrow
27:57 Town Watch
30:53 Ballistics
33:08 Leather Archer Armor
37:05 Imperial Age
35:17 Leather Archer Armor
38:04 Bracer
39:11 Yeomen
39:29 Conscription
39:56 Murder Holes
41:14 Arbalester
43:51 Hand Cart
45:31 Chemistry
46:53 Hoardings
47:10 Ring Archer Armor
49:28 Masonry
49:29 Fortified Wall
50:46 Elite Skirmisher
52:48 Coinage
54:45 Architecture
55:51 Two-Man Saw
54:43 Stone Mining
55:33 Gold Shaft Mining
57:37 Warwolf
59:17 Siege Engineers
66:22 Capped Ram
67:34 Caravan
75:08 Elite Longbowman
82:23 Arrowslits
82:29 Guard Tower
83:44 Banking
Waylender
6:02 Loom
12:49 Feudal Age
13:19 Double-Bit Axe
13:18 Horse Collar
15:51 Town Watch
20:36 Castle Age
19:46 Forging
22:07 Bow Saw
22:01 Heavy Plow
22:54 Man-at-Arms
25:20 Gold Mining
25:25 Stone Mining
26:18 Scale Mail Armor
29:32 Gambesons
29:48 Squires
29:34 Arson
32:21 Iron Casting
38:23 Chieftains
37:50 Pikeman
41:21 Chain Mail Armor
52:34 Gold Shaft Mining
56:13 Imperial Age
57:31 Conscription
57:18 Elite Berserk
59:04 Capped Ram
61:51 Blast Furnace
61:42 Siege Ram
64:00 Siege Engineers
68:57 Plate Mail Armor
Obélix
5:52 Loom
13:10 Feudal Age
17:23 Castle Age
16:47 Double-Bit Axe
17:10 Scale Barding Armor
18:03 Forging
17:37 Horse Collar
19:28 Town Watch
24:27 Wheelbarrow
24:51 Bloodlines
25:46 Chain Barding Armor
27:51 Iron Casting
28:04 Husbandry
28:28 Fletching
29:36 Heavy Plow
33:06 Bow Saw
36:04 Stone Mining
36:06 Gold Mining
44:39 Hand Cart
47:10 Imperial Age
46:58 Hand Cart
46:44 Town Patrol
48:51 Blast Furnace
47:27 Cavalier
48:47 Scale Mail Armor
51:03 Conscription
51:02 Chain Mail Armor
51:21 Light Cavalry
52:33 Plate Mail Armor
73:10 Pikeman
73:51 Squires
73:41 Arson
76:11 Chemistry
74:43 Halberdier
81:07 Siege Engineers
81:14 Masonry
80:54 Elite Samurai
83:43 Capped Ram
Connection lost

Rejoining the realm…

Still unreachable

The connection could not be restored.

Session expired

The server has moved on; the page needs a fresh start.